 Dungeon Crawl Stone Soup version 0.28-a0-612-gcfc00ec14d (webtiles) character file.

Game seed: 676585655832297379

98 bande the Covered (level 4, 0/29 HPs)
             Began as a Gargoyle Fighter on Oct 5, 2021.
             Slain by an orc (6 damage)
             ... on level 3 of the Dungeon.
             The game lasted 00:03:13 (2428 turns).

bande the Covered (Gargoyle Fighter)                Turns: 2428, Time: 00:03:13

Health: 0/29       AC: 13    Str: 20    XL:     4   Next: 69%
Magic:  4/4        EV:  7    Int:  8    God:
Gold:   93         SH:  5    Dex: 10    Spells: 3/3 levels left

rFire   . . .      SeeInvis .   a - +0 war axe
rCold   . . .      Faith    .   c - +1 buckler
rNeg    + . .      Spirit   .   j - +0 chain mail
rPois   ∞          Reflect  .   (no helmet)
rElec   +          Harm     .   (no cloak)
rCorr   .          Rampage  .   (no gloves)
Will    .....                   (no boots)
Stlth   ..........              (no amulet)
HPRegen 0.09/turn               (no ring)
MPRegen 0.09/turn               (no ring)

@: no status effects
A: sickness immunity, AC +3, negative energy resistance 1, electricity
resistance, torment resistance 1, petrification resistance
a: no special abilities


You were on level 3 of the Dungeon.
You visited 1 branch of the dungeon, and saw 3 of its levels.

You collected 93 gold pieces.

Inventory:

Hand Weapons
 a - a +0 war axe (weapon)
Armour
 c - a +1 buckler (worn)
 j - a +0 chain mail (worn)
Jewellery
 l - a +6 ring of strength
Scrolls
 b - 3 scrolls of teleportation {unknown}
 e - 2 scrolls of enchant weapon {unknown}
 f - a scroll of identify {unknown}
 k - a scroll of fear {unknown}
Potions
 d - a potion of might
 g - a potion of attraction
 h - a potion of haste {unknown}
 i - 2 potions of flight {unknown}


   Skills:
 + Level 3.8 Fighting
 + Level 3.0 Axes
 + Level 4.0 Armour
 - Level 0.1 Dodging
 + Level 3.7 Shields


You had 3 spell levels left.
You didn't know any spells.
Your spell library contained the following spells:

 Spells                   Type           Power      Damage    Failure   Level
 Magic Dart               Conj           0%         1d3       99%         1
 Call Imp                 Summ           0%         N/A       100%        2
 Static Discharge         Conj/Air       0%         N/A       100%        2
 Mephitic Cloud           Conj/Pois/Air  0%         N/A       100%        3
 Lightning Bolt           Conj/Air       0%         1d11      100%        5
 Maxwell's Capacitive Co  Air            0%         ∞         100%        8


Dungeon Overview and Level Annotations

Branches:
Dungeon (3/15)

Altars:

Shops:
D:2 =

Annotations:
D:3 1 transporter


Innate Abilities, Weirdness & Mutations

You are immune to sickness and miasma.
Your stone body is resilient. (AC +3)
You are immune to poison.
You resist negative energy. (rN+)
You are resistant to electric shocks. (rElec)
You are resistant to unholy torment.
You are immune to petrification.


Message History

Unknown command.
The orc barely misses you. The orc closely misses you.
You see here the felid corpse of Natasha.
Unknown command.
You block the orc's attack.
You completely miss the orc.
The orc is lightly wounded.
You barely miss the orc. You hit the orc but do no damage.
The orc hits you with a +0 hand axe. The orc hits you but does no damage.
The orc hits you with a +0 flail.
* * * LOW HITPOINT WARNING * * *
Unknown command.
You hit the orc but do no damage.
The orc is lightly wounded.
You hit the orc. You closely miss the orc. You block the orc's attack.
The orc hits you but does no damage. The orc hits you with a +0 flail.
* * * LOW HITPOINT WARNING * * *
The orc hits you but does no damage. x2
Unknown command.
You closely miss the orc.
The orc is heavily wounded.
You closely miss the orc. You hit the orc but do no damage.
The orc barely misses you. The orc hits you with a +0 hand axe.
* * * LOW HITPOINT WARNING * * *
The orc hits you but does no damage. You block the orc's attack.
Unknown command.
You closely miss the orc.
The orc is heavily wounded.
You slash the orc!
You kill the orc!
You hit the orc. You block the orc's attack. The orc barely misses you.
You closely miss the orc.
The orc is heavily wounded.
You closely miss the orc. The orc closely misses you.
The orc completely misses you. The orc hits you but does no damage.
Unknown command.
You hit the orc.
The orc is almost dead.
You closely miss the orc. The orc hits you with a +0 flail.
You die...

..# ### #.. #.. ##.##.###
.......###.# .#
######.#.#...#.# ..
.....?...)@....## ..
........)oo....... #.
...........##.#### #.#
#####...#.##.#
#.##########...#....#####
#...†...........(.......#
#..##########.#.........#
#..# #.#.........#
#..######## #.#.#<#..####


You could see 2 orcs.

Vanquished Creatures
  Natasha (D:3)
  3 adders
  3 dart slugs
  3 orcs (D:3)
  2 endoplasms
  3 giant cockroaches
  4 goblins (D:1)
  2 hobgoblins (D:1)
  2 kobolds
  A quokka (D:1)
  5 ball pythons
  3 bats
  3 frilled lizards
  4 rats
39 creatures vanquished.

Notes
Turn   | Place    | Note
-------+----------+-------------------------------------------
     0 | D:1      | bande the Gargoyle Fighter began the quest for the Orb.
     0 | D:1      | Reached XP level 1. HP: 14/14 MP: 1/1
   126 | D:1      | Found a faded altar of an unknown god.
   134 | D:1      | Reached XP level 2. HP: 14/19 MP: 2/2
   134 | D:1      | Noticed a golden eye
   137 | D:1      | Noticed a shining eye
   137 | D:1      | Noticed a golden eye
   137 | D:1      | Noticed an eye of devastation
   964 | D:1      | Reached XP level 3. HP: 23/23 MP: 3/3
  1739 | D:2      | Found Benaod's Jewellery Shoppe.
  2298 | D:3      | Reached XP level 4. HP: 27/29 MP: 4/4
  2371 | D:3      | Found a transporter.
  2408 | D:3      | Noticed Natasha
  2420 | D:3      | Killed Natasha
  2421 | D:3      | Reached skill level 4 in Armour
  2428 | D:3      | Slain by an orc

Illustrated notes

Levels and vault maps discovered:
D:1:      elethiomel_arrival_infinity_welcomes_careful_drivers, layout_basic,
          hellmonk_ecumenical_altar_watching_god, serial_forest,
          infiniplex_forest_zigzag_1, infiniplex_forest_clump_medium,
          infiniplex_forest_lined_room_, infiniplex_forest_clump_tiny,
          infiniplex_forest_lined_ring, infiniplex_forest_lined_2
D:2:      layout_loops_corners, serial_shops, nicolae_shop_window_shopping
D:3:      gammafunk_wand_slinger, layout_basic, uniq_natasha

Skill      XL: |  1  2  3  4 |
---------------+-------------+-----
Axes           | 2 3 |  3.0
Armour         | 4 |  4.0
Fighting       | |  3.8
Dodging        | |  0.1
Shields        | |  3.7

Action                   |  1- 3 |  4- 6 || total
-------------------------+-------+-------++-------
Melee: War axe           |   112 |    24 ||   136
  Use: Potion            |     2 |       ||     2
       Scroll            |     1 |       ||     1
Armor: Scale mail        |    50 |       ||    50
       Chain mail        |    19 |    19 ||    38
Dodge: Dodged            |    44 |    13 ||    57
Block: Buckler           |    32 |     7 ||    39

Table legend: (Time is in decaauts)
 A = Elapsed time spent in this place.
 B = Non-inter-level travel time spent in this place.
 C = Inter-level travel time spent in this place.
 D = Time resting spent in this place.
 E = Time spent auto-exploring this place.
 F = Levels seen in this place.
 G = Mean time per level.
                   A        B        C        D        E       F      G
               +--------+--------+--------+--------+--------+-----+--------+
         Total |   2480 |   2480 |      0 |      0 |   2059 |   3 |  826.7 |
       Dungeon |   2480 |   2480 |      0 |      0 |   2059 |   3 |  826.7 |
               +--------+--------+--------+--------+--------+-----+--------+

Top non-repeatable levels by time:
     D:1: 1235 daAuts
     D:2: 1082 daAuts
     D:3: 162 daAuts
